AoeStats
← mario12111988

Arena

510455839Analyzed
1v1 RM · 9h ago on Oct 1, 2026· 37m 16s· 2 players
Game mode
Random Map
Map size
Tiny (2 player)
Population
200
Speed
Normal
Resources
Standard
Victory
Conquest
Starting age
Dark Age
Ending age
Imperial Age
RankedLock teamsTeams togetherTeam positionsShared explorationLock speedFull tech treeHidden civsTurbo modeCheats
Victory
Defeat
🇺🇾 Sicilians · Uruguay
678
+15
🇪🇨 Khmer · Ecuador
659
-15
WinyHornet8
11:07 Feudal Age
17:04 Castle Age
15:28 Double-Bit Axe
15:36 Gold Mining
15:37 Horse Collar
20:03 Crossbowman
30:34 Fletching
30:45 Padded Archer Armor
34:07 Bodkin Arrow
34:28 Leather Archer Armor
34:32 Stone Mining
35:19 Gold Shaft Mining
36:27 Ballistics
mario12111988
10:37 Feudal Age
11:14 Horse Collar
11:40 Double-Bit Axe
23:04 Castle Age
20:52 Loom
22:05 Fletching
24:50 Forging
24:41 Padded Archer Armor
24:48 Scale Barding Armor
24:46 Scale Mail Armor
29:42 Wheelbarrow
29:12 Heavy Plow
34:19 First Crusade
35:15 Chain Mail Armor
36:44 Bow Saw
36:52 Bloodlines
Connection lost

Rejoining the realm…

Still unreachable

The connection could not be restored.

Session expired

The server has moved on; the page needs a fresh start.